 Dungeon Crawl Stone Soup version 0.17.1-1-g73c8601 (webtiles) character file.

126 PossumBlood the Cudgeler (level 4, -1/39 HPs)
             Began as a Minotaur Fighter on Jan 7, 2016.
             Slain by an orc
             ... wielding a +0 mace
              (3 damage)
             ... on level 3 of the Dungeon.
             The game lasted 00:05:08 (1927 turns).

PossumBlood the Cudgeler (Minotaur Fighter)         Turns: 1927, Time: 00:05:08

Health: -1/39      AC:  7    Str: 21    XL:     4   Next: 83%
Magic:  12/12      EV:  9    Int:  5    God:
Gold:   124        SH:  0    Dex: 10    Spells: 0 memorised, 3 levels left

rFire  . . .     SeeInvis .     j - +0 great mace
rCold  . . .     Clarity  .     b - +1 scale mail
rNeg   . . .     SustAt   .     (shield currently unavailable)
rPois  .         Gourm    .     (helmet restricted)
rElec  .         Spirit   .     (no cloak)
rCorr  .         Warding  .     (no gloves)
rMut   .         Stasis   .     (no boots)
MR     .....                    (no amulet)
Stlth  ..........               (no ring)
                                o - ring of magical power

@: confused, not resistant to hostile enchantments, extremely unstealthy
A: retaliatory headbutt, horns 2
a: no special abilities


You were on level 3 of the Dungeon.
You were hungry.

You visited 1 branch of the dungeon, and saw 3 of its levels.

You collected 124 gold pieces.

Inventory:

Hand Weapons
 a - a +0 flail
 j - a +0 great mace (weapon)
Armour
 b - a +1 scale mail (worn)
 c - a +0 shield
Jewellery
 o - a ring of magical power (left hand)
Wands
 g - a wand of confusion (48)
Scrolls
 l - a scroll of teleportation
 q - a scroll of identify
 s - 2 scrolls of remove curse
Potions
 d - 2 potions of might
 h - a potion of heal wounds
 i - 2 potions of lignification {unknown}
 m - a potion of agility
 n - a potion of mutation
 p - a potion of invisibility
 r - 2 potions of flight
Comestibles
 e - 3 bread rations
 f - 2 beef jerkies
 k - a fruit


   Skills:
 - Level 3.6 Fighting
 * Level 6.1 Maces & Flails
 - Level 3.6 Armour
 - Level 3.6 Shields


You had 3 spell levels left.
You didn't know any spells.

Dungeon Overview and Level Annotations

Branches:
Dungeon (3/15)

Altars:


Innate Abilities, Weirdness & Mutations

You reflexively headbutt those who attack you in melee.
You have a pair of horns on your head.


Message History

You hear some strange, mumbled words.
Something tries to affect you, but you resist.
The worm bites you but does no damage.
You hear some strange, mumbled words.
A puff of flame appears from out of thin air!
The puff of flame hits you!
* * * LOW HITPOINT WARNING * * *
You completely miss the kobold. The orc barely misses you.
The kobold completely misses you. The orc hits you with a mace.
* * * LOW HITPOINT WARNING * * *
You're too confused to move!
Something hits you but does no damage. The kobold hits you but does no damage.
The worm bites you.
* * * LOW HITPOINT WARNING * * *
You're too confused!
Unknown command.
You're too confused!
You're too confused to move!
Something hits you.
* * * LOW HITPOINT WARNING * * *
The orc hits you with a mace.
You die...

.......##...........#
.........
.......##..........<#
........
....................+
.......
......#...###.......# .
......#....#........# ..
......#....#........# ...
###...##...#........#..$.
#... #...#.............
.... #...###..@{.....##
##### #.wKo)......
#...)?......
...............
####.....#.....
#.......##.. . #.......#
.. . .#......# ..#...####


You could see a worm, an orc and a kobold.

Vanquished Creatures
  6 adders
  2 worms (D:2)
  3 giant geckos (D:1)
  6 orcs
  7 bats
  10 hobgoblins
  3 kobolds
  4 giant cockroaches
  4 giant newts
  9 goblins
  4 rats
58 creatures vanquished.

Notes
Turn   | Place    | Note
--------------------------------------------------------------
     0 | D:1      | PossumBlood the Minotaur Fighter began the quest for the Orb.
     0 | D:1      | Reached XP level 1. HP: 19/19 MP: 0/0
   111 | D:1      | Reached XP level 2. HP: 19/26 MP: 1/1
   388 | D:1      | Reached skill level 4 in Maces & Flails
   505 | D:2      | Reached XP level 3. HP: 31/31 MP: 2/2
   889 | D:2      | Reached skill level 5 in Maces & Flails
   955 | D:2      | Reached XP level 4. HP: 37/39 MP: 3/3
  1724 | D:3      | Reached skill level 6 in Maces & Flails
  1927 | D:3      | Slain by an orc

Action                   |  1- 3 |  4- 6 || total
-------------------------+-------+-------++-------
Melee: Flail             |    85 |    21 ||   106
       Great mace        |       |    45 ||    45
  Use: Scroll            |       |    12 ||    12
  Eat: Royal jelly       |       |     1 ||     1
       Fruit             |       |     1 ||     1
